 Dungeon Crawl Stone Soup version 0.29-a0-207-gf982a884d8 (webtiles) character file.

Game seed: 18220458585078284785

464182 Zeldest the Wrestler (level 23, -7/224 HPs)
             Began as a Troll Delver on Feb 23, 2022.
             Was the Champion of Wu Jian.
             Killed from afar by a Killer Klown (24 damage)
             ... with a klown pie
             ... on level 5 of the Realm of Zot on Feb 24, 2022.
             The game lasted 02:08:12 (48257 turns).

Zeldest the Wrestler (Troll Delver)                Turns: 48257, Time: 02:08:13

Health: -7/224     AC: 30    Str: 32    XL:     23   Next: 13%
Magic:  17/17      EV: 21    Int:  8    God:    Wu Jian [******]
Gold:   4212       SH: 26    Dex: 18    Spells: 22/22 levels left

rFire   + + .      SeeInvis +     - Unarmed
rCold   + + +      Faith    .   U - +0 tower shield {rC+}
rNeg    + . .      Spirit   .   a - +5 gold dragon scales
rPois   +          Reflect  +   H - +2 hat {SInv}
rElec   +          Harm     .   h - scarf {rC+ rF+}
rCorr   +          Rampage  .   (gloves unavailable)
Will    ++...      Rage     1%  (boots unavailable)
Stlth   ..........              S - amulet of reflection
HPRegen 1.27/turn               r - ring of positive energy
MPRegen 0.15/turn               z - ring of Siplomne {rElec rF+ Dex+5}

@: exhausted, resistant, marked, fire vulnerable, in a heavenly storm, on
berserk cooldown, hasted and slowed, glowing, studying Poison Magic
A: large, unfitting armour, claws 3, regeneration 1, shaggy fur 1, tough skin 1,
hooves 1, berserk 1, clever 1, frail 1, low MP 2, strong-willed 1, screaming 1
}: 3/15 runes: decaying, slimy, gossamer
a: Renounce Religion, Wall Jump, Serpent's Lash, Heavenly Storm


You were on level 5 of the Realm of Zot.
You worshipped Wu Jian.
Wu Jian was exalted by your worship.
You visited 11 branches of the dungeon, and saw 53 of its levels.
You visited 1 bazaar.
You also visited: Ice Cave.

You collected 5158 gold pieces.
You spent 946 gold pieces at shops.

Inventory:

Hand Weapons
 b - the +8 lance "Wyrmbane" {slay drac, rPois rF+ rC+ AC+3}
   (You found it on level 13 of the Dungeon)

   It inflicts extra damage against dragons and draconians.
   AC:        It affects your AC (+3).
   rF:        It protects you from fire.
   rC:        It protects you from cold.
   rPois:     It protects you from poison.
Missiles
 B - 6 throwing nets (quivered)
Armour
 a - +5 gold dragon scales (worn)
 h - a scarf of resistance (worn)
 l - a +2 cloak of preservation
 t - +4 storm dragon scales {Bai Suzhen}
 H - a +2 hat of see invisible (worn)
 O - a scarf of repulsion
 P - the +2 hood of the Assassin {Detection Stab+ Stlth++}
   (You found it on level 3 of the Elven Halls)

   It allows the wearer to sense nearby creatures.
   It allows the wearer to make particularly effective stabbing attacks against
   helpless or unaware enemies with any weapon.
   Stlth:     It makes you much more stealthy.
 U - a +0 tower shield of cold resistance (worn)
Jewellery
 r - a ring of positive energy (left claw)
 y - the ring "Nuupopia" {+Blink rCorr}
   (You found it on level 3 of the Elven Halls)

   [ring of resist corrosion]

   +Blink:    It lets you blink.
   rCorr:     It protects you from acid and corrosion.
 z - the ring of Siplomne (right claw) {rElec rF+ Dex+5}
   (You found it on level 1 of the Depths)

   [ring of protection from fire]

   Dex:       It affects your dexterity (+5).
   rF:        It protects you from fire.
   rElec:     It insulates you from electricity.
 C - a ring of protection from fire
 K - a ring of flight
 S - an amulet of reflection (around neck)
Wands
 f - a wand of digging (2)
 o - a wand of paralysis (25)
 v - a wand of polymorph (7)
 D - a wand of iceblast (5)
 G - a wand of acid (13)
 I - a wand of flame (6)
Scrolls
 d - a scroll of silence
 g - 6 scrolls of amnesia
 k - 2 scrolls of vulnerability
 n - 18 scrolls of teleportation
 p - 11 scrolls of immolation
 x - a scroll of noise
 E - 9 scrolls of fog
 J - 3 scrolls of torment
 Q - 21 scrolls of identify
 W - a scroll of magic mapping
 Z - 3 scrolls of fear
Potions
 c - 4 potions of berserk rage
 i - 10 potions of ambrosia
 j - 11 potions of brilliance
 m - 6 potions of curing
 u - 5 potions of flight
 w - 3 potions of invisibility
 A - 6 potions of attraction
 F - 6 potions of lignification
Miscellaneous
 q - a phantom mirror
 N - a condenser vane


   Skills:
 + Level 18.9 Fighting
 + Level 17.0 Armour
 - Level 6.0 Dodging
 - Level 2.7 Stealth
 + Level 17.1 Shields
 + Level 23.1 Unarmed Combat
 - Level 1.2 Transmutations


You had 22 spell levels left.
You didn't know any spells.
Your spell library contained the following spells:

 Spells                   Type           Power      Damage    Failure   Level
 Animate Skeleton         Necr           0%         N/A       100%        1
 Apportation              Tloc           0%         N/A       100%        1
 Freeze                   Ice            0%         1d3       100%        1
 Magic Dart               Conj           0%         1d3       100%        1
 Pain                     Necr           0%         1d4       100%        1
 Slow                     Hex            0%         N/A       100%        1
 Sting                    Tmut/Pois      4%         1d3       100%        1
 Summon Small Mammal      Summ           0%         N/A       100%        1
 Call Imp                 Summ           0%         N/A       100%        2
 Corpse Rot               Necr/Air       0%         N/A       100%        2
 Ensorcelled Hibernation  Hex/Ice        0%         N/A       100%        2
 Poisonous Vapours        Pois/Air       0%         N/A       100%        2
 Searing Ray              Conj           0%         2d4       100%        2
 Static Discharge         Conj/Air       0%         N/A       100%        2
 Call Canine Familiar     Summ           0%         N/A       100%        3
 Confusing Touch          Hex            0%         N/A       100%        3
 Dazzling Flash           Conj/Hex       0%         N/A       100%        3
 Frozen Ramparts          Ice            0%         1d2       100%        3
 Gell's Gravitas          Tloc           0%         N/A       100%        3
 Ignite Poison            Fire/Tmut/Pois 0%         N/A       100%        3
 Lesser Beckoning         Tloc           0%         N/A       100%        3
 Mephitic Cloud           Conj/Pois/Air  0%         N/A       100%        3
 Portal Projectile        Hex/Tloc       0%         N/A       100%        3
 Spider Form              Tmut/Pois      1%         N/A       100%        3
 Stone Arrow              Conj/Erth      0%         3d7       100%        3
 Summon Guardian Golem    Hex/Summ       0%         N/A       100%        3
 Teleport Other           Tloc           0%         N/A       100%        3
 Vampiric Draining        Necr           0%         2d6       100%        3
 Anguish                  Hex/Necr       0%         N/A       100%        4
 Animate Armour           Summ/Erth      0%         N/A       100%        4
 Animate Dead             Necr           0%         N/A       100%        4
 Dispel Undead            Necr           0%         3d6       100%        4
 Fulminant Prism          Conj/Hex       0%         3d6       100%        4
 Hailstorm                Conj/Ice       0%         3d3       100%        4
 Ice Form                 Ice/Tmut       1%         N/A       100%        4
 Iskenderun's Mystic Bla  Conj/Tloc      0%         2d3       100%        4
 Leda's Liquefaction      Hex/Erth       0%         N/A       100%        4
 Olgreb's Toxic Radiance  Pois           0%         N/A       100%        4
 Sticky Flame             Conj/Fire      0%         2d3       100%        4
 Summon Ice Beast         Ice/Summ       0%         N/A       100%        4
 Summon Lightning Spire   Summ/Air       0%         N/A       100%        4
 Blade Hands              Tmut           1%         N/A       100%        5
 Freezing Cloud           Conj/Ice/Air   0%         6-21      100%        5
 Irradiate                Conj/Tmut      0%         3d13      100%        5
 Iskenderun's Battlesphe  Conj           0%         2d6       100%        5
 Lee's Rapid Deconstruct  Erth           0%         3d5*      100%        5
 Lightning Bolt           Conj/Air       0%         1d11      100%        5
 Manifold Assault         Tloc           0%         N/A       100%        5
 Yara's Violent Unravell  Hex/Tmut       0%         3d3       100%        5
 Conjure Ball Lightning   Conj/Air       0%         3x3d6     100%        6
 Death Channel            Necr           0%         N/A       100%        6
 Iron Shot                Conj/Erth      0%         9d1       100%        6
 Simulacrum               Ice/Necr       0%         N/A       100%        6
 Starburst                Conj/Fire      0%         6d3       100%        6
 Statue Form              Tmut/Erth      0%         N/A       100%        6
 Dragon Form              Tmut           1%         N/A       100%        7
 Enfeeble                 Hex            0%         N/A       100%        7
 Haunt                    Necr/Summ      0%         N/A       100%        7
 Orb of Destruction       Conj           0%         9d5       100%        7
 Spellforged Servitor     Conj/Summ      0%         N/A       100%        7
 Storm Form               Tmut/Air       0%         N/A       100%        7
 Discord                  Hex            0%         N/A       100%        8
 Disjunction              Tloc           0%         N/A       100%        8
 Infestation              Necr           0%         N/A       100%        8
 Lehudib's Crystal Spear  Conj/Erth      0%         10d2      100%        8
 Maxwell's Capacitive Co  Air            0%         ∞         100%        8


Dungeon Overview and Level Annotations

Branches:
Dungeon (15/15)            Temple (1/1) D:6            Lair (6/6) D:8
  Swamp (4/4) Lair:4       Spider (4/4) Lair:2        Slime (5/5) Lair:6
    Orc (2/2) D:11            Elf (3/3) Orc:2        Vaults (4/5) D:13
  Crypt (0/3) Vaults:2     Depths (4/4) D:15            Zot (5/5) Depths:4
  IceCv (visited)

Altars:
Ashenzari
Cheibriados
Dithmenos
Elyvilon
Fedhas
Gozag
Hepliaklqana
Kikubaaqudgha
Makhleb
Nemelex Xobeh
Okawaru
Qazlal
Ru
Sif Muna
Trog
Uskayaw
Vehumet
Wu Jian
Xom
Yredelemnul
Zin
The Shining One
Beogh
Ignis
Jiyva

Shops:
D:11 ([   Orc:1 (   Orc:2 *((([(   Elf:3 *

Portals:
Hell: Depths:1
Abyss: Depths:2

Annotations:
Lair:4 2 transporters, exclusion: 2 oklob plants, Drazool's ghost, journeyman SpHu
Elf:2 3 runed translucent doors


Innate Abilities, Weirdness & Mutations

You are too large for most types of armour.
You have claws for hands.
Your natural rate of healing is unusually fast.
You are covered in fur. (AC +1)
You have tough skin. (AC +1)
You have large cloven feet.
You tend to lose your temper in combat.
Your mind is acute. (Int +2)
You are frail. (-10% HP)
Your magical capacity is very low. (-20% MP)
You are strong-willed. (Will+)
You occasionally shout uncontrollably at your foes.


Message History

The Council accepts your kill.
You spin and attack the golden dragon, with incredible momentum.
You mangle the golden dragon!!
The golden dragon is heavily wounded.
You spin and attack the storm dragon repeatedly, with incredible momentum.
You eviscerate the storm dragon!!!
You blow up the storm dragon!
The Council accepts your kill.
Your supernatural speed expires.
You mangle the golden dragon!!
You kick the golden dragon, but do no damage.
The golden dragon is almost dead.
You block the Orb Guardian's attack.
The quicksilver dragon breathes dispelling energy at you.
The bolt of dispelling energy misses you.
You block the shard shrike's attack.
You eviscerate the golden dragon!!!
You kill the golden dragon!
The Council accepts your kill. The shard shrike barely misses you.
The Orb Guardian closely misses you.
You block the electric golem's attack. x2
The electric golem hits you but does no damage.
You block the electric golem's attack.
The shard shrike spits a shard of ice at you.
The shard of ice hits you!! You partially resist.
* * * LOW HITPOINT WARNING * * *
The Killer Klown completely misses you.
You spin and attack the shard shrike repeatedly.
You mangle the shard shrike!!
The shard shrike is lightly wounded.
You eviscerate the shard shrike!!! You kick the shard shrike!
The shard shrike is severely wounded.
You spin and attack the Killer Klown.
You claw the Killer Klown!
The Killer Klown is lightly wounded.
The shard shrike claws you but does no damage.
You block the shard shrike's attack. The Killer Klown pies you viciously!
The klown pie hits you!!
Cherry!
Cherry-coloured flames burn away your fire resistance!
You die...

)##▓▓▓▓▓▓▓▓▓▓▓# ***
..........▓▓▓* **
.............▓## ***,
......^p......^## **,,,
☼^........^.....# *▓▓▓▓▓*** *,,,,
§...^...........▓*▓.....,,***,,,,
§...........§☼§X▓▓☼..^..,,,**,,,,
§☼☼§§☼§☼.D§§§☼☼p▓§☼.....,^,,*,,,,
D9☼☼99*§§○§☼§§D9@☼§...0.,,,,,,,,,
§X§§§§○§9X☼X○§*b▓§§.....^,,,*,,,,
XX☼§§§○☼☼§☼D○☼DX▓▓§.....,,,**,,,,
☼§☼☼§§○☼X§§§☼☼○☼▓*▓.....,,***,,,,
☼§☼§○☼○☼§☼§§§...▓ *▓▓▓▓▓*** *,,,,
...............▓▓ **,,,
.............▓▓▓ ***,
..........▓▓▓▓ ** ▓▓▓▓▓▓▓▓▓▓▓


You could see an orb of fire, a Killer Klown, an electric golem, a shadow
dragon, a shard shrike (catching breath), a quicksilver dragon and 2 Orb
Guardians.

Vanquished Creatures
  the Royal Jelly (Slime:5)
  3 orbs of fire
  A juggernaut (Depths:3)
  Boris (twice) (Vaults:4 Depths:4)
  Bai Suzhen (Vaults:2)
  3 Killer Klowns
  Zenata (Depths:1)
  Saint Roka (Vaults:4)
  2 curse toes
  3 golden dragons
  Jorgrun (D:15)
  5 tentacled monstrosities
  16 Orb Guardians (Zot:5)
  Rupert (D:14)
  Asterion (Vaults:3)
  3 quicksilver dragons
  A lich (Depths:1)
  2 deep elf master archers (Elf:3)
  2 deep elf blademasters (Elf:3)
  5 shadow dragons
  9 acid blobs
  3 death cobs
  Kirke (D:13)
  8 sphinxes
  8 storm dragons
  3 thorn hunters
  Roxanne (Swamp:1)
  Agnes (D:15)
  7 rockslimes
  5 azure jellies (Slime:5)
  3 fire giants
  5 deep elf sorcerers
  4 draconian monks
  An iron dragon (Depths:1)
  2 draconian knights
  An orc warlord (Vaults:2)
  Aizul (Swamp:1)
  4 emperor scorpions
  A ghost moth (Zot:5)
  4 frost giants
  6 draconian scorchers
  6 vault wardens
  2 deep elf elementalists (Elf:3)
  2 broodmothers
  A spriggan defender (Depths:1)
  4 draconian annihilators
  10 ironbound preservers
  5 draconian stormcallers
  4 quicksilver oozes (Slime:5)
  7 stone giants
  A war gargoyle (Vaults:4)
  3 ironbound thunderhulks
  A reaper (IceCv)
  9 very ugly things
  5 vampire knights
  6 green draconians
  4 deep elf annihilators (Elf:3)
  Nessos (D:13)
  4 black draconians
  6 yellow draconians
  4 deep elf demonologists (Elf:3)
  2 eleionomae
  3 entropy weavers
  3 bunyips
  A red draconian (Zot:2)
  14 dire elephants
  4 purple draconians
  8 white draconians
  14 spark wasps
  Snorg (D:11)
  6 deep elf death magi
  3 ettins
  7 fire dragons
  A merfolk javelineer (Depths:1)
  2 jiangshi (Depths:2)
  9 yaktaur captains
  2 shambling mangroves
  5 crystal guardians
  5 great orbs of eyes
  2 deep elf high priests (Elf:3)
  Fannar (Lair:1)
  Erolcha (D:11)
  21 hydras
  7 ironbound frosthearts
  A rakshasa (Depths:1)
  6 vault guards
  4 peacekeepers
  2 ice dragons
  7 boulder beetles
  7 catoblepae
  5 spriggan air magi
  3 ogre magi
  2 ghost crabs (Swamp:2)
  8 alligators
  19 centaur warriors
  2 jorogumos (Spider:4)
  12 two-headed ogres
  A radroach (Spider:3)
  3 death yaks (Lair:6)
  7 tengu warriors
  A vampire mage (Depths:2)
  Urug (Orc:2)
  A spriggan berserker (Depths:1)
  8 deep troll shamans
  15 dancing weapons
  11 hell knights
  7 orc high priests (Orc:2)
  A deep troll earth mage (D:15)
  3 iron trolls
  5 sun moths
  2 pharaoh ants (Spider:3)
  21 deep elf knights
  40 deep trolls
  A spriggan druid (Swamp:4)
  A skeletal warrior (D:13)
  A glowing orange brain (Slime:5)
  3 goliath frogs
  17 ironbound convokers
  8 orb spiders
  A flayed ghost (Depths:3)
  8 orc knights
  4 steelbarb worms
  4 necromancers
  A bog body (Swamp:1)
  Lodul (D:11)
  6 swamp dragons (Swamp:4)
  20 deep elf archers
  27 deep elf zephyrmancers
  11 lindwurms
  29 deep elf pyromancers
  8 wizards
  4 phantasmal warriors
  3 harpies (Depths:1)
  2 orc sorcerers
  9 wolf spiders
  2 will-o-the-wisps
  5 cyclopes
  2 shining eyes (Slime:5)
  32 ugly things
  7 manticores
  A salamander (Depths:4)
  6 black mambas
  11 moths of wrath
  14 vault sentinels
  A black mamba (shapeshifter) (D:13)
  2 eyes of devastation (Slime:5)
  16 elephants
  2 ice statues (IceCv)
  5 torpor snails
  6 cane toads
  7 rime drakes
  A kobold demonologist (D:13)
  Maggie (D:10)
  A yaktaur (shapeshifter) (Elf:1)
  8 demonic crawlers
  8 unseen horrors
  7 ice devils (IceCv)
  8 komodo dragons
  41 yaktaurs
  3 tengu conjurers
  An entropy weaver simulacrum (IceCv)
  2 freezing wraiths
  A queen bee (Spider:4)
  An elf skeleton (Vaults:1)
  7 meliai
  6 hornets
  13 blink frogs
  A polar bear (Lair:3)
  5 tyrant leeches
  A harpy skeleton (D:13)
  A merfolk (D:9)
  6 trolls
  12 tarantellas
  56 slime creatures
  19 dream sheep
  A human simulacrum (Vaults:1)
  An ettin zombie (Vaults:1)
  12 jumping spiders
  4 spriggans
  22 culicivoras
  4 wyverns
  46 yaks
  A dire elephant simulacrum (IceCv)
  A wraith (D:11)
  5 air elementals
  2 hogs (D:13)
  9 water elementals
  10 basilisks
  A fire elemental (Elf:2)
  A steam dragon (D:8)
  16 vampire mosquitoes
  19 redbacks
  4 golden eyes (Slime:5)
  Menkaure (D:7)
  2 acid dragons
  7 wargs
  11 water moccasins
  A harpy simulacrum (IceCv)
  4 swamp worms
  3 hell hounds (Depths:1)
  3 black bears
  3 swamp drakes
  19 orc warriors
  2 ice beasts
  2 sky beasts (D:6)
  4 boggarts
  2 wolves (Lair:2)
  19 ogres
  9 centaurs
  A phantom (D:6)
  5 kobold brigands
  16 bullfrogs
  A gnoll sergeant (D:13)
  6 earth elementals (Depths:1)
  2 cane toad simulacra (IceCv)
  7 scorpions
  4 wights
  An elephant simulacrum (IceCv)
  29 killer bees
  6 howler monkeys
  An electric eel (Lair:4)
  2 centaur zombies
  4 jellies
  44 orc priests
  5 centaur skeletons
  2 hounds (D:5)
  2 gnoll shamans
  Ijyb (D:3)
  4 iguanas
  14 orc wizards
  3 troll simulacra (IceCv)
  A scorpion zombie (D:5)
  4 spriggan simulacra (IceCv)
  A wolf simulacrum (IceCv)
  A polar bear simulacrum (IceCv)
  A mummy (D:4)
  3 howler monkey zombies
  15 adders
  15 gnolls
  A naga simulacrum (IceCv)
  15 white imps
  4 ufetubi
  4 worms
  3 dart slugs
  79 orcs
  4 bats
  3 endoplasms
  3 giant cockroaches
  4 goblins
  7 hobgoblins
  5 jackals
  19 kobolds
  3 quokkas
  3 training dummies (Orc:1)
  4 ball pythons
  8 frilled lizards
  7 rats
  A spectral goblin (D:1)
1672 creatures vanquished.

Vanquished Creatures (others)
  An eleionoma (Swamp:2)
  A spriggan berserker (Depths:4)
  2 deep elf knights
  A goliath frog (Swamp:2)
  A wizard (D:15)
  A deep elf zephyrmancer (Elf:2)
  A deep elf pyromancer (Elf:1)
  2 bloated husks
  A yak (D:11)
  A wolf (Lair:2)
  7 briar patches
  14 foxfires
  11 fungi
  51 plants
95 creatures vanquished.

Grand Total: 1767 creatures vanquished

Notes
Turn   | Place    | Note
-------+----------+-------------------------------------------
     0 | D:5      | Zeldest the Troll Delver began the quest for the Orb.
     0 | D:5      | Reached XP level 1. HP: 22/22 MP: 0/0
    51 | D:5      | Noticed an iguana
    64 | D:5      | Killed an iguana
    65 | D:5      | Reached skill level 3 in Unarmed Combat
    65 | D:5      | Reached XP level 2. HP: 13/29 MP: 1/1
    95 | D:5      | Noticed an ogre
   116 | D:5      | Killed an ogre
   117 | D:5      | Reached skill level 4 in Unarmed Combat
   117 | D:5      | Reached XP level 3. HP: 9/37 MP: 2/2
   117 | D:5      | Reached XP level 4. HP: 11/45 MP: 3/3
   186 | D:5      | Reached XP level 5. HP: 53/53 MP: 4/4
   426 | D:5      | Reached skill level 5 in Unarmed Combat
   500 | D:5      | Reached XP level 6. HP: 62/62 MP: 5/5
   682 | D:6      | Noticed a sky beast
   971 | D:6      | Reached skill level 6 in Unarmed Combat
  1014 | D:6      | Found a staircase to the Ecumenical Temple.
  1065 | Temple   | Entered the Ecumenical Temple
  1140 | Temple   | Became a worshipper of the Wu Jian Council
  1288 | D:6      | Noticed a sky beast
  1292 | D:6      | Killed a sky beast
  1293 | D:6      | Reached XP level 7. HP: 52/66 MP: 6/6
  1405 | D:6      | Identified the +2 robe "Betoerao" {rF- rN+ Str+4 Stlth+}
  1540 | D:6      | Reached skill level 7 in Unarmed Combat
  1790 | D:6      | Reached skill level 5 in Fighting
  1790 | D:6      | Reached XP level 8. HP: 38/80 MP: 7/7
  1839 | D:6      | Reached skill level 8 in Unarmed Combat
  2423 | D:7      | Reached skill level 9 in Unarmed Combat
  2682 | D:7      | Noticed Menkaure
  2686 | D:7      | Killed Menkaure
  2709 | D:7      | Reached * piety under Wu Jian
  2899 | D:8      | Reached XP level 9. HP: 89/89 MP: 8/8
  2966 | D:8      | Found a staircase to the Lair.
  2987 | D:8      | Reached skill level 10 in Unarmed Combat
  3017 | D:8      | Reached skill level 11 in Unarmed Combat
  3110 | D:8      | Found a blossoming altar of Fedhas.
  3299 | D:8      | Found an iron altar of Okawaru.
  3525 | D:8      | Found an opulent altar of Gozag.
  3683 | D:8      | Found a glowing golden altar of the Shining One.
  3889 | D:9      | Found a basalt altar of Yredelemnul.
  3904 | D:9      | Reached XP level 10. HP: 102/104 MP: 9/9
  3923 | D:9      | Reached ** piety under Wu Jian
  3985 | D:9      | Reached skill level 12 in Unarmed Combat
  4177 | D:9      | Found a white marble altar of Elyvilon.
  4455 | D:10     | Entered Level 10 of the Dungeon
  4480 | D:10     | Noticed Maggie
  4487 | D:10     | Killed Maggie
  4559 | D:10     | Found an ancient bone altar of Kikubaaqudgha.
  5617 | D:4      | Reached skill level 1 in Transmutations
  5721 | D:4      | Found a sparkling altar of Nemelex Xobeh.
  5760 | D:4      | Found a glowing silver altar of Zin.
  5896 | D:4      | Found a snail-covered altar of Cheibriados.
  6024 | D:4      | Reached *** piety under Wu Jian
  6538 | D:3      | Noticed Ijyb
  6541 | D:3      | Killed Ijyb
  8013 | D:1      | Reached **** piety under Wu Jian
  8065 | D:1      | Found a faded altar of an unknown god.
  8625 | D:11     | Noticed a two-headed ogre
  8625 | D:11     | Noticed a two-headed ogre
  8643 | D:11     | Found a flickering gateway to a bazaar.
  8652 | Bazaar   | Entered a bazaar
  8666 | Bazaar   | Found Gerr's General Store.
  8670 | Bazaar   | Found Secautager's Weapon Boutique.
  8670 | Bazaar   | Found Guza Viadd's Armour Boutique.
  8671 | Bazaar   | Found Kutysu's Assorted Antiques.
  8701 | Bazaar   | Bought a pink potion for 20 gold pieces
  8701 | Bazaar   | Bought a scroll labelled OLEONU WULEAV for 23 gold pieces
  8701 | Bazaar   | Bought a scroll labelled GOCSUTO CO GOTZ for 23 gold pieces
  8706 | Bazaar   | Bought a scroll of teleportation for 42 gold pieces
  8706 | Bazaar   | Bought a scroll of identify for 28 gold pieces
  8755 | D:11     | Reached skill level 1 in Shields
  8758 | D:11     | Reached skill level 13 in Unarmed Combat
  8871 | D:8      | Identified the +3 ring mail of Exclusion {Drain rPois
                  | Int+4}
  8888 | Lair:1   | Entered Level 1 of the Lair of Beasts
  8888 | Lair:1   | Noticed a black mamba
  8898 | Lair:1   | Killed a black mamba
  9065 | Lair:1   | Reached XP level 11. HP: 94/115 MP: 10/10
  9076 | Lair:1   | Reached skill level 1 in Armour
  9498 | Lair:1   | Noticed Fannar
  9515 | Lair:1   | Killed Fannar
  9738 | Lair:2   | Found a hole to the Spider Nest.
 10407 | Lair:2   | Noticed a five-headed hydra
 10424 | Lair:2   | Killed an 11-headed hydra
 10989 | Lair:3   | Reached ***** piety under Wu Jian
 11468 | Lair:3   | Reached skill level 14 in Unarmed Combat
 11523 | Lair:3   | Reached skill level 10 in Fighting
 11779 | Lair:4   | Reached XP level 12. HP: 98/126 MP: 11/11
 11971 | Lair:4   | Found a sparkling altar of Nemelex Xobeh.
 11979 | Lair:4   | Found a staircase to the Swamp.
 12098 | Lair:4   | Noticed Drazool's ghost (journeyman SpHu)
 12103 | Lair:4   | Found a transporter.
 12114 | Lair:4   | Reached skill level 5 in Shields
 12115 | Lair:4   | Found a transporter.
 12269 | Lair:4   | Noticed a four-headed hydra
 12281 | Lair:4   | Killed a ten-headed hydra
 12827 | Lair:5   | Reached skill level 5 in Armour
 12840 | Lair:5   | Noticed a catoblepas
 12861 | Lair:5   | Killed a catoblepas
 13144 | Lair:5   | Noticed a boulder beetle
 13156 | Lair:5   | Killed a boulder beetle
 13296 | Lair:5   | Reached XP level 13. HP: 130/136 MP: 12/12
 13656 | Lair:6   | Entered Level 6 of the Lair of Beasts
 13714 | Lair:6   | Reached skill level 15 in Unarmed Combat
 14248 | Lair:6   | Reached ****** piety under Wu Jian
 14281 | Lair:6   | Found a viscous altar of Jiyva.
 14284 | Lair:6   | Found a staircase to the Slime Pits.
 15092 | D:11     | Noticed Erolcha
 15096 | D:11     | Killed Erolcha
 15097 | D:11     | Reached XP level 14. HP: 148/148 MP: 13/13
 15163 | D:11     | Noticed Snorg
 15177 | D:11     | Killed Snorg
 15257 | D:11     | Noticed Lodul
 15270 | D:11     | Killed Lodul
 15484 | D:11     | Found Mioph's Armour Emporium.
 15485 | D:11     | Found a staircase to the Orcish Mines.
 15536 | D:11     | Found Cicw's Weapon Emporium.
 15895 | Orc:1    | Entered Level 1 of the Orcish Mines
 15950 | Orc:1    | Reached skill level 16 in Unarmed Combat
 16136 | Orc:1    | Found Yhuso's Firing Range.
 16434 | D:12     | Found a frozen archway.
 16467 | IceCv    | Entered an ice cave
 16729 | IceCv    | Noticed a reaper
 16756 | IceCv    | Killed a reaper
 17956 | D:13     | Noticed Nessos
 17968 | D:13     | Killed Nessos
 18074 | D:13     | Found a gate to the Vaults.
 18086 | D:13     | Noticed Kirke
 18102 | D:13     | Killed Kirke
 18285 | D:13     | Found the +8 lance "Wyrmbane" {slay drac, rPois rF+ rC+
                  | AC+3}
 18581 | D:13     | Found an ornate altar of the Wu Jian Council.
 18708 | D:14     | Noticed Rupert
 18709 | D:14     | Paralysed by Rupert for 4 turns
 18726 | D:14     | Killed Rupert
 19472 | D:15     | Entered Level 15 of the Dungeon
 19472 | D:15     | Noticed Agnes
 19481 | D:15     | Killed Agnes
 19482 | D:15     | Reached XP level 15. HP: 99/158 MP: 14/14
 20018 | D:15     | Reached skill level 5 in Dodging
 20276 | D:15     | Found a staircase to the Depths.
 20329 | D:15     | Noticed Jorgrun
 20341 | D:15     | Killed Jorgrun
 20868 | Orc:2    | Entered Level 2 of the Orcish Mines
 21031 | Orc:2    | Found Myiclag's Weapon Boutique.
 21122 | Orc:2    | Noticed Urug
 21135 | Orc:2    | Killed Urug
 21280 | Orc:2    | Found Huleu's Armour Boutique.
 21280 | Orc:2    | Found Ynleachu's Weapon Emporium.
 21286 | Orc:2    | Bought a +2 hat of see invisible for 357 gold pieces
 21419 | Orc:2    | Found a staircase to the Elven Halls.
 21481 | Orc:2    | Found Imeub's Weapon Emporium.
 21481 | Orc:2    | Found Istimal's Antique Weapon Boutique.
 21633 | Orc:2    | Found Xamod's Assorted Antiques.
 21681 | Orc:2    | Bought a potion of heal wounds for 165 gold pieces
 21681 | Orc:2    | Bought a potion of lignification for 99 gold pieces
 21721 | Orc:2    | Found a runed translucent door.
 21791 | Orc:2    | Reached skill level 17 in Unarmed Combat
 22207 | Spider:1 | Entered Level 1 of the Spider Nest
 22596 | Lair:2   | Reached skill level 10 in Shields
 22743 | Spider:2 | Noticed an emperor scorpion
 22755 | Spider:2 | Killed an emperor scorpion
 22883 | Spider:2 | Noticed an emperor scorpion
 22902 | Spider:2 | Killed an emperor scorpion
 22903 | Spider:2 | Reached skill level 10 in Armour
 23018 | Spider:2 | Reached XP level 16. HP: 163/170 MP: 15/15
 23358 | Spider:3 | Gained mutation: Your body sometimes deteriorates upon
                  | taking damage. [mutagenic glow]
 23401 | Spider:3 | Lost mutation: Your body sometimes deteriorates upon taking
                  | damage. [potion of mutation]
 23401 | Spider:3 | Gained mutation: You possess an exceptional clarity of
                  | mind. [potion of mutation]
 23401 | Spider:3 | Gained mutation: You sometimes lose the ability to read
                  | scrolls when taking damage. [potion of mutation]
 23401 | Spider:3 | Gained mutation: You are agile. (Dex +2) [potion of
                  | mutation]
 23616 | Spider:4 | Entered Level 4 of the Spider Nest
 24715 | Spider:4 | Found the +3 pair of seven-league boots {Rampage+∞}
 24721 | Spider:4 | Got a gossamer rune of Zot
 24964 | Swamp:1  | Entered Level 1 of the Swamp
 24964 | Swamp:1  | Noticed Aizul
 25192 | Swamp:1  | Killed Aizul
 25193 | Swamp:1  | Reached skill level 18 in Unarmed Combat
 25327 | Swamp:1  | Noticed a thorn hunter
 25341 | Swamp:1  | Killed a thorn hunter
 25345 | Swamp:1  | Noticed Roxanne
 25367 | Swamp:1  | Killed Roxanne
 25940 | Swamp:3  | Noticed a thorn hunter
 25940 | Swamp:3  | Found an ancient bone altar of Kikubaaqudgha.
 25956 | Swamp:2  | Reached XP level 17. HP: 131/180 MP: 16/16
 26156 | Swamp:3  | Lost mutation: You sometimes lose the ability to read
                  | scrolls when taking damage. [potion of mutation]
 26156 | Swamp:3  | Lost mutation: You possess an exceptional clarity of mind.
                  | [potion of mutation]
 26156 | Swamp:3  | Gained mutation: Your magical capacity is low. (-10% MP)
                  | [potion of mutation]
 26156 | Swamp:3  | Gained mutation: You have hidden genetic defects. [potion
                  | of mutation]
 26156 | Swamp:3  | Gained mutation: You have a pair of small antennae on your
                  | head. [potion of mutation]
 26200 | Swamp:4  | Entered Level 4 of the Swamp
 26971 | Swamp:4  | Lost mutation: You are agile. (Dex +2) [hidden defects]
 27013 | Swamp:4  | Got a decaying rune of Zot
 27362 | Vaults:1 | Entered Level 1 of the Vaults
 27929 | Vaults:1 | Gained mutation: You sometimes lose the ability to read
                  | scrolls when taking damage. [hidden defects]
 27929 | Vaults:1 | Lost mutation: You have hidden genetic defects. [hidden
                  | defects expressed]
 28689 | Vaults:1 | Reached skill level 15 in Fighting
 28689 | Vaults:1 | Reached skill level 19 in Unarmed Combat
 28701 | Vaults:1 | Reached XP level 18. HP: 151/193 MP: 15/15
 29661 | Vaults:2 | Noticed Bai Suzhen
 29675 | Vaults:2 | Killed Bai Suzhen
 29835 | Vaults:2 | Found a staircase to the Crypt.
 29835 | Vaults:2 | Found a basalt altar of Yredelemnul.
 29835 | Vaults:2 | Found an ancient bone altar of Kikubaaqudgha.
 30953 | Vaults:2 | Identified the +2 leather armour "Cabeh" {Will+}
 31969 | Vaults:3 | Reached XP level 19. HP: 191/204 MP: 16/16
 32036 | Vaults:3 | Noticed Asterion
 32056 | Vaults:3 | Killed Asterion
 32589 | Vaults:4 | Paralysed by a sphinx for 2 turns
 32617 | Vaults:4 | Reached skill level 20 in Unarmed Combat
 32850 | Vaults:4 | Noticed Boris
 32865 | Vaults:4 | Killed Boris
 32927 | Vaults:4 | Noticed Saint Roka
 32942 | Vaults:4 | Killed Saint Roka
 34465 | Depths:1 | Entered Level 1 of the Depths
 34936 | Elf:1    | Entered Level 1 of the Elven Halls
 36283 | Elf:2    | Paralysed by an air elemental for 1 turns
 36286 | Elf:2    | Reached XP level 20. HP: 153/215 MP: 17/17
 36472 | Elf:2    | Paralysed by an air elemental for 1 turns
 36808 | Elf:2    | Found a runed translucent gate.
 36808 | Elf:2    | Found a runed translucent gate.
 36831 | Elf:2    | Found a runed translucent gate.
 37065 | Elf:3    | Entered Level 3 of the Elven Halls
 37280 | Elf:3    | Paralysed by an air elemental for 1 turns
 37572 | Elf:3    | Paralysed by an air elemental for 1 turns
 37577 | Elf:3    | Paralysed by an air elemental for 1 turns
 37615 | Elf:3    | Found Qiofoq Potz's General Store.
 37625 | Elf:3    | Bought a scroll of magic mapping for 49 gold pieces
 37625 | Elf:3    | Bought a potion of haste for 140 gold pieces
 37708 | Elf:3    | Reached skill level 21 in Unarmed Combat
 38150 | Vaults:3 | Lost mutation: Your magical capacity is low. (-10% MP)
                  | [potion of mutation]
 38150 | Vaults:3 | Lost mutation: You sometimes lose the ability to read
                  | scrolls when taking damage. [potion of mutation]
 38150 | Vaults:3 | Lost mutation: You have a pair of small antennae on your
                  | head. [potion of mutation]
 38150 | Vaults:3 | Gained mutation: You have large cloven feet. [potion of
                  | mutation]
 38150 | Vaults:3 | Gained mutation: You occasionally shout uncontrollably at
                  | your foes. [potion of mutation]
 38150 | Vaults:3 | Gained mutation: You are strong-willed. (Will+) [potion of
                  | mutation]
 39135 | Elf:3    | Paralysed by an air elemental for 1 turns
 40155 | Elf:3    | Found the +2 hood of the Assassin {Detection Stab+ Stlth++}
 40171 | Elf:3    | Identified the ring "Nuupopia" {+Blink rCorr}
 40176 | Elf:3    | Identified the +6 mace of Eternal Harmony {vorpal, rF+
                  | Str+2 Int+3 Dex+4}
 40187 | Elf:3    | Got Xitoghoi's Incunabulum of Displacement
 40248 | Elf:3    | Identified the +1 robe "Gephoemi" {+Blink}
 40299 | Elf:3    | Got Ewneim's Volume of Darkness
 41228 | Slime:1  | Entered Level 1 of the Pits of Slime
 41263 | Slime:1  | Reached skill level 15 in Shields
 42140 | Depths:1 | Reached skill level 15 in Armour
 42466 | Depths:1 | Paralysed by a sphinx for 5 turns
 42475 | Depths:1 | Reached XP level 21. HP: 212/226 MP: 20/20
 42509 | Depths:1 | Found a gateway to Hell.
 42657 | Depths:1 | Identified the ring of Siplomne {rElec rF+ Dex+5}
 43239 | Slime:5  | Entered Level 5 of the Pits of Slime
 43247 | Slime:5  | Gained mutation: You tend to lose your temper in combat. [a
                  | shining eye]
 43266 | Slime:5  | Noticed the Royal Jelly
 43274 | Slime:5  | Killed the Royal Jelly
 43419 | Slime:4  | Lost mutation: You occasionally shout uncontrollably at
                  | your foes. [potion of mutation]
 43419 | Slime:4  | Lost mutation: You tend to lose your temper in combat.
                  | [potion of mutation]
 43419 | Slime:4  | Gained mutation: Your mind is acute. (Int +2) [potion of
                  | mutation]
 43419 | Slime:4  | Gained mutation: You are weak. (Str -2) [potion of
                  | mutation]
 43532 | Slime:5  | Got a slimy rune of Zot
 43617 | Slime:5  | Identified the +1 robe "Emerch" {rF+ rC+}
 43697 | Slime:2  | Gained mutation: Your magical capacity is low. (-10% MP) [a
                  | shining eye]
 44031 | Depths:2 | Noticed Zenata
 44478 | Depths:1 | Killed Zenata
 45143 | Depths:2 | Reached skill level 22 in Unarmed Combat
 45217 | Depths:2 | Found a one-way gate to the infinite horrors of the Abyss.
 45257 | Depths:2 | Found a glowing golden altar of the Shining One.
 45538 | Depths:3 | Noticed a juggernaut
 45544 | Depths:3 | Noticed a golden dragon
 45551 | Depths:3 | Killed a juggernaut
 45730 | Depths:4 | Entered Level 4 of the Depths
 45753 | Depths:4 | Noticed Boris
 45952 | Depths:4 | Killed Boris
 46039 | Depths:4 | Reached XP level 22. HP: 239/239 MP: 18/18
 46054 | Depths:4 | Found a gate to the Realm of Zot.
 46221 | Zot:1    | Entered Level 1 of the Realm of Zot
 46221 | Zot:1    | Noticed an orb of fire
 46224 | Zot:1    | Gained mutation: You are frail. (-10% HP) [an orb of fire]
 46227 | Depths:4 | Gained mutation: You occasionally shout uncontrollably at
                  | your foes. [an orb of fire]
 46232 | Depths:4 | Gained mutation: Your magical capacity is very low. (-20%
                  | MP) [an orb of fire]
 46234 | Depths:4 | Lost mutation: You are weak. (Str -2) [an orb of fire]
 46236 | Depths:4 | Gained mutation: You tend to lose your temper in combat.
                  | [an orb of fire]
 46242 | Depths:4 | Killed an orb of fire
 47018 | Zot:2    | Noticed a Killer Klown
 47035 | Zot:2    | Killed a Killer Klown
 47116 | Zot:2    | Noticed a curse toe
 47141 | Zot:2    | Killed a curse toe
 47365 | Zot:2    | Noticed a golden dragon
 47375 | Zot:2    | Noticed an orb of fire
 47381 | Zot:2    | Killed a golden dragon
 47505 | Zot:4    | Noticed a curse toe
 47516 | Zot:4    | Killed a curse toe
 47693 | Zot:5    | Entered Level 5 of the Realm of Zot
 47693 | Zot:5    | Found a sparkling altar of Nemelex Xobeh.
 47725 | Zot:5    | Noticed an orb of fire
 47730 | Zot:5    | Noticed a golden dragon
 47737 | Zot:5    | Killed an orb of fire
 47754 | Zot:5    | Killed a golden dragon
 48178 | Zot:5    | Reached skill level 23 in Unarmed Combat
 48207 | Zot:5    | Noticed a Killer Klown
 48213 | Zot:5    | Noticed a Killer Klown
 48217 | Zot:5    | Noticed a Killer Klown
 48221 | Zot:5    | Noticed a dread lich
 48225 | Zot:5    | Noticed an orb of fire
 48230 | Zot:5    | Killed a Killer Klown
 48233 | Zot:5    | Killed a Killer Klown
 48238 | Zot:5    | Reached XP level 23. HP: 214/224 MP: 17/17
 48242 | Zot:5    | Noticed a Killer Klown
 48242 | Zot:5    | Noticed an orb of fire
 48243 | Zot:5    | Noticed a Killer Klown
 48243 | Zot:5    | Noticed a Killer Klown
 48243 | Zot:5    | Killed an orb of fire
 48244 | Zot:5    | Noticed a Killer Klown
 48253 | Zot:5    | Noticed a shard shrike
 48253 | Zot:5    | a Killer Klown changed into a shard shrike
 48257 | Zot:5    | Killed from afar by a Killer Klown

Illustrated notes

Levels and vault maps discovered:
D:1:      lightli_arrival_boilingwater, layout_loops_ring,
          dreamdust_ecumenical_altar_drowned_temple
D:2:      layout_basic, minmay_misc_feat_tower, kennysheep_path_1
D:3:      layout_basic, uniq_ijyb
D:4:      layout_loops_ring, nemelex_spade_bored_becter, slow_altar_2,
          kennysheep_mini
D:5:      layout_basic
D:6:      layout_basic, minmay_temple_entry_glassed_door,
          serial_co_window_serial, co_window_paths_a, co_window_cross_1,
          co_window_corner_a, co_window_of_opportunity_a, co_window_paths_a,
          co_window_paths_c, co_window_unsneaky_path_d, co_window_broadway_c,
          co_window_4corner_a, glass_columns_a, glass_columns_c,
          glass_columns_a, glass_columns_a, interstate_on_off, st_stairs_9
D:7:      layout_loops_cross, small_statue_intersection, uniq_menkaure
D:8:      layout_basic, nicolae_gozag_seed_capital,
          mainiacjoe_overflow_alcove_1, nicolae_overflow_crystal_walls,
          fedhas_altar_1, nicolae_grassy_gnolls
D:9:      layout_rooms, mainiacjoe_overflow_small_starburst,
          nicolae_elyvilon_peaceful_grove, minmay_misc_feat_ornament,
          hangedman_fish_farm
D:10:     layout_basic, kiku_gazebo_garden_becter,
          eino_small_chamber_without_monster, uniq_maggie
D:11:     layout_irregular_city, orc_david_3, serial_shops, bzr_firewalk,
          kennysheep_just_a_vault, uniq_snorg, uniq_erolcha, uniq_lodul
D:12:     layout_grid_maze, portal_ice_cave_entry_imps, the_hattery
D:13:     layout_loops_ring, hangedman_vaults_entry_quadrant_bands,
          nzn_wu_jian_contemplation, uniq_nessos, uniq_kirke
D:14:     layout_long_grid, chequers_serial_rivers_large_b, uniq_rupert
D:15:     hangedman_depths_entry_civil_slaughter, layout_gridville,
          nicolae_benzene_ring, minmay_misc_feat_rows, uniq_jorgrun, uniq_agnes
Temple:   ebering_untended_altars
Lair:1:   layout_roguey, grunt_forest_small_clearing_treed, uniq_fannar
Lair:2:   layout_layer_cave, nicolae_spider_entry_non_spiders,
          beast_lair_carwin_5, grunt_megastairs_4
Lair:3:   layout_cave_pods
Lair:4:   layout_cave_shapes, minmay_swamp_entry_reptiles, nzn_ghost_randoct,
          basic_altar, minmay_holes, infiniplex_staircase_pool,
          serial_bayou_shore_a
Lair:5:   layout_long_grid
Lair:6:   hangedman_lair_in_review, layout_cave_shapes, slime_altar_1
Swamp:1:  nicolae_swamp_ascending_descending_big, layout_basic_swamp,
          nicolae_swamp_ascending_descending, uniq_aizul, uniq_roxanne,
          uniq_donald
Swamp:2:  cheibrodos_swamp_heart_of_darkness, layout_basic_swamp,
          evilmike_swamp_ruin_house_5
Swamp:3:  layout_basic_swamp, basic_altar
Swamp:4:  swamp_alternative, layout_basic_swamp, swamp_pool3,
          nicolae_swamp_no_escape
Spider:1: layout_spider_delve, nicolae_spider_paper_wasps
Spider:2: layout_chambers, hangedman_spider_tarantella_strand
Spider:3: layout_chambers
Spider:4: grunt_spider_rune_island, nicolae_looking_at_the_future
Slime:1:  layout_caves, basic_altar, cheibrodos_slime_lost_civilization_4
Slime:2:  layout_caves
Slime:3:  layout_caves, cheibrodos_slime_lost_civilization_6
Slime:4:  layout_caves
Slime:5
Orc:1:    layout_caves, nicolae_shop_firing_range
Orc:2:    st_orc_town, layout_caves, serial_shops, nicolae_shop_behind_doors,
          nicolae_shop_bloodbath_and_beyond, special_room, basic_altar,
          lightli_church_of_beogh, uniq_urug
Elf:1:    eino_elf_arrival_shootout, layout_gridlike, minivault_28
Elf:2:    nicolae_elf_blades_splatter_lattice [infiniplex_blade_entry_pillars],
          layout_geoelf_octagon, eino_tiny_chamber, guppyfry_library_mini
Elf:3:    elf_hall_gauntlet_wide, layout_loops_corners, serial_shops, shop,
          einodemon_crawler_minivault
Vaults:1: vaults_room_fours, grunt_vaults_funneled_arena,
          vaults_standard_mumra_enter_the_diamond, nicolae_vaults_circle_grid_b,
          ontoclasm_vaults_ring_small, hangedman_vaults_river_flow,
          nicolae_vaults_diagonal_hallway_8, nicolae_vaults_diagonal_hallway_6,
          v_misc_11, nicolae_vaults_angled_halls, layout_vaults_omnicross
Vaults:2: v_misc_3, minmay_crypt_entry_necro_gods, vaults_dpeg_ring,
          grunt_vaults_bifocal, vaults_room_boxed, grunt_vaults_diagonal,
          nicolae_vaults_little_squares_6, v_misc_1, nicolae_vaults_rhombus_6,
          grunt_vaults_swirl, v_misc_23, nicolae_vaults_windows_and_doors_thing,
          ontoclasm_vaults_pinch, nicolae_vaults_gold_heap, layout_vaults_ring,
          uniq_bai_suzhen
Vaults:3: v_misc_29, hangedman_vaults_corner, nicolae_vaults_mini_display_case,
          v_misc_13, v_misc_4, nicolae_vaults_specimen_jars, vaults_dpeg_hooks,
          vaults_dpeg_diagonal, nicolae_vaults_little_squares_6,
          nicolae_vaults_alarming, nicolae_vaults_circle_grid_a,
          nicolae_vaults_network_barrier, nicolae_vaults_little_squares_4,
          nicolae_vaults_diagonal_hallway_8, ontoclasm_vaults_ring_square,
          layout_vaults_maze_snakey, uniq_asterion
Vaults:4: nicolae_vaults_what_the_h, nicolae_vaults_little_squares_6, v_misc_26,
          nicolae_vaults_little_squares_3, nicolae_vaults_sealed_display,
          vaults_room_grid, layout_vaults_omnigrid, uniq_boris, uniq_saint_roka
Depths:1: layout_cave_pools, pf_vacation_house_of_asmodeus, serial_glass,
          glass_columns_b, glass_columns_a, due_unseen_surprise,
          item_on_display_a, kennysheep_doodads, special_room
          [special_room_mythical_zoo], dk_noncrumbling_2,
          hangedman_cracks_in_the_wall, serial_bayou_shore_b
Depths:2: hangedman_cross_veins, layout_cave_pools, tso_metal_star,
          mu_enter_wizlab_5, grunt_pan_entry_in_and_out, hell_entry,
          abyss_entry, uniq_zenata
Depths:3: minmay_two_paths, layout_cave_pools, enter_ziggurat_f, kennysheep_nub,
          hangedman_tar_grid_catacomb, abyss_entry, serial_glass,
          glass_columns_a, glass_columns_a, glass_columns_b, glass_columns_a,
          glass_columns_a, glass_columns_a, minmay_staircase_windowed_large
Depths:4: grunt_zot_entry_tricorne, layout_gridlike, hell_entry,
          rand_demon_pan_entry_9, roderic_nine_men_s_morris, uniq_frederick,
          uniq_vv
Zot:1:    grunt_twist_and_shout, layout_concentric_octagons,
          grunt_ministairs_10, uniq_parghit
Zot:2:    layout_basic, zot_minivault_7
Zot:3:    layout_onion
Zot:4:    layout_gridlike
Zot:5:    layout_onion, hangedman_feature_mirror

Skill      XL: |  1  2  3  4  5  6  7  8  9 10 11 12 13 14 15 16 17 18 19 20 21 22 23 |
---------------+----------------------------------------------------------------------+-----
Unarmed Combat | 3 4 5 6 7 9 11 13 14 15 16 17 18 19 20 21 22 23 | 23.1
Fighting       | 3 4 5 6 7 9 10 11 12 13 14 15 16 17 18 | 18.9
Transmutations | 1 |  1.2
Shields        | 1 4 6 7 9 10 11 12 13 14 15 16 17 | 17.1
Armour         | 4 6 7 8 10 11 12 13 14 15 16 17 | 17.0
Dodging        | 4 6 |  6.0
Stealth        | |  2.7

Action                   |  1- 3 |  4- 6 |  7- 9 | 10-12 | 13-15 | 16-18 | 19-21 | 22-24 || total
-------------------------+-------+-------+-------+-------+-------+-------+-------+-------++-------
Melee: Unarmed           |    15 |    72 |   195 |   649 |  1497 |  1625 |  1724 |   597 ||  6374
       Punch             |     1 |     2 |    11 |    13 |       |       |       |       ||    27
       Kick              |       |       |       |       |       |       |   411 |   263 ||   674
Invok: Lunge             |       |     1 |    18 |    50 |    80 |    62 |   108 |    29 ||   348
       Whirlwind         |       |       |     3 |    31 |   332 |   290 |   387 |   187 ||  1230
       Serpent's Lash    |       |       |       |       |     2 |     2 |     7 |     7 ||    18
       Heavenly Storm    |       |       |       |       |     1 |       |       |     1 ||     2
 Abil: Wall Jump         |       |       |       |     1 |     7 |    11 |     7 |     1 ||    27
Evoke: Wand              |       |       |     3 |     2 |     3 |     8 |     5 |     4 ||    25
       Condenser vane    |       |       |       |       |       |     3 |     3 |       ||     6
       Phantom mirror    |       |       |       |       |       |     1 |     2 |       ||     3
  Use: Scroll            |       |       |       |    20 |    10 |     2 |    16 |     5 ||    53
       Potion            |       |       |       |       |     6 |    14 |    19 |     9 ||    48
 Stab: Sleeping          |       |     2 |     3 |     5 |       |       |       |       ||    10
       Paralysed         |       |       |     2 |       |       |     4 |       |       ||     6
       Petrified         |       |       |       |       |     9 |       |     6 |       ||    15
       Petrifying        |       |       |       |       |     2 |       |       |       ||     2
       Distracted        |       |       |       |       |     1 |       |       |       ||     1
       Invisible         |       |       |       |       |       |     2 |     3 |       ||     5
Armor: Robe              |     1 |     9 |    40 |     5 |       |       |       |       ||    55
       Acid dragon scale |       |       |       |    75 |       |       |       |       ||    75
       Gold dragon scale |       |       |       |   254 |   925 |   762 |   561 |   163 ||  2665
       Skin              |       |       |       |       |       |    35 |    16 |       ||    51
Dodge: Dodged            |     7 |    23 |    70 |    92 |   205 |   150 |   202 |    82 ||   831
       Repelled          |       |       |       |       |     1 |     1 |     1 |       ||     3
Block: Kite shield       |       |       |       |   162 |   229 |       |       |       ||   391
       Tower shield      |       |       |       |       |   929 |  1522 |  1300 |   427 ||  4178
       Reflection        |       |       |       |       |    38 |    50 |   138 |    12 ||   238

Table legend: (Time is in decaauts)
 A = Elapsed time spent in this place.
 B = Non-inter-level travel time spent in this place.
 C = Inter-level travel time spent in this place.
 D = Time resting spent in this place.
 E = Time spent auto-exploring this place.
 F = Levels seen in this place.
 G = Mean time per level.
                   A        B        C        D        E       F      G
               +--------+--------+--------+--------+--------+-----+--------+
         Total |  47991 |  42026 |   5965 |  10996 |  18540 |  55 |  872.6 |
       Dungeon |  15963 |  13342 |   2621 |   2415 |   8349 |  15 | 1064.2 |
        Temple |     86 |     75 |     11 |      0 |     46 |   1 |   86.0 |
          Lair |   7413 |   6404 |   1009 |   1136 |   4117 |   6 | 1235.5 |
         Swamp |   1964 |   1901 |     63 |    902 |    101 |   4 |  491.0 |
   Spider Nest |   2278 |   2189 |     89 |    724 |    167 |   4 |  569.5 |
    Slime Pits |    783 |    775 |      8 |    254 |      0 |   5 |  156.6 |
  Orcish Mines |   2200 |   1850 |    350 |    626 |    571 |   2 | 1100.0 |
   Elven Halls |   4181 |   3696 |    485 |    787 |   1353 |   3 | 1393.7 |
        Vaults |   7727 |   6490 |   1237 |   1775 |   3214 |   4 | 1931.8 |
        Depths |   2988 |   2899 |     89 |   1246 |    453 |   4 |  747.0 |
           Zot |   1882 |   1882 |      0 |   1056 |      0 |   5 |  376.4 |
        Bazaar |     75 |     75 |      0 |     12 |     27 |   1 |   75.0 |
      Ice Cave |    445 |    445 |      0 |     60 |    140 |   1 |  445.0 |
               +--------+--------+--------+--------+--------+-----+--------+

Top non-repeatable levels by time:
Vaults:2: 2584 daAuts
   Elf:3: 2051 daAuts
Vaults:1: 2048 daAuts
  Lair:2: 1812 daAuts
Depths:1: 1781 daAuts
Vaults:4: 1717 daAuts
    D:15: 1613 daAuts
   Orc:2: 1553 daAuts
  Lair:6: 1471 daAuts
  Lair:4: 1439 daAuts
    D:11: 1438 daAuts
Vaults:3: 1377 daAuts
     D:8: 1352 daAuts
    D:12: 1344 daAuts
   Elf:1: 1304 daAuts
